 Dungeon Crawl Stone Soup version 0.29.1 (webtiles) character file.

Game seed: 15904760603483910162

91 raistware the Conjurer (level 4, -2/27 HPs)
             Began as an Octopode Conjurer on Sept 12, 2022.
             Slain by a goblin
             ... wielding a +0 dagger
             ... led by Robin
              (3 damage)
             ... on level 2 of the Dungeon.
             The game lasted 00:02:43 (1819 turns).

raistware the Conjurer (Octopode Conjurer)          Turns: 1819, Time: 00:02:43

Health: -2/27      AC:  1    Str:  6    XL:     4   Next: 59%
Magic:  6/9        EV: 13    Int: 22    God:
Gold:   67         SH:  0    Dex: 10    Spells: 9/10 levels left

rFire   . . .      SeeInvis .   m - +1 dagger (venom)
rCold   . . .      Faith    .   (no shield)
rNeg    . . .      Spirit   .   (helmet restricted)
rPois   .          Reflect  .   (no amulet)
rElec   .          Harm     .   (no ring)
rCorr   .          Rampage  .   (no ring)
Will    .....                   (no ring)
Stlth   +++.......              (no ring)
HPRegen 0.09/turn               (no ring)
MPRegen 0.11/turn               (no ring)
                                (no ring)
                                (no ring)

@: no status effects
A: almost no armour, amphibious, 8 rings, camouflage 1, gelatinous body 1,
(nimble swimmer 1), tentacles
a: no special abilities


You were on level 2 of the Dungeon.
You visited 1 branch of the dungeon, and saw 2 of its levels.

You collected 67 gold pieces.

Inventory:

Hand Weapons
 m - a +1 dagger of venom (weapon)
Missiles
 j - 6 poisoned darts
Scrolls
 d - a scroll of fog
Potions
 a - a potion of magic
 b - 3 potions of cancellation {unknown}
 c - a potion of flight {unknown}
 e - a potion of berserk rage {unknown}
 f - 2 potions of mutation {unknown}
 h - a potion of might {unknown}
 i - a potion of degeneration {unknown}
 k - a potion of resistance {unknown}
 l - a potion of haste {unknown}
 n - 2 potions of curing {unknown}
 o - a potion of heal wounds {unknown}
 p - a potion of brilliance {unknown}


   Skills:
 - Level 2.0 Dodging
 - Level 2.6 Stealth
 + Level 3.9 Spellcasting
 - Level 4.0 Conjurations
 + Level 1.7 Translocations


You had 9 spell levels left.
You knew the following spells:

 Your Spells              Type           Power      Damage    Failure   Level
a - Magic Dart            Conj           84%        1d7       2%          1

Your spell library contained the following spells:

 Spells                   Type           Power      Damage    Failure   Level
 Searing Ray              Conj           42%        2d6       3%          2
 Dazzling Flash           Conj/Hex       26%        N/A       16%         3
 Iskenderun's Mystic Bla  Conj/Tloc      16%        2d5       34%         4
 Fulminant Prism          Conj/Hex       6%         3d7       45%         4


Dungeon Overview and Level Annotations

Branches:
Dungeon (2/15)

Altars:

Annotations:
D:2 Robin


Innate Abilities, Weirdness & Mutations

You cannot wear most types of armour.
You are amphibious.
You can wear up to eight rings at the same time.
Your skin changes colour to match your surroundings (Stealth+).
Your rubbery body absorbs attacks. (AC +1, EV +1)
((You are camouflaged when in or above water. (Stealth+)))
You have tentacles for arms and can constrict up to eight enemies at once.


Message History

Press: ? - help, Shift-Dir - straight line, f/p - Robin
Aim: Robin, wielding a +0 spear of venom, wearing a +0 animal skin and wearing a +0 helmet (heavily wounded, 100% to hit)
The magic dart hits Robin but does no damage.
Robin is heavily wounded.
Unknown command.
You open the door.
The goblin hits you with a +0 vampiric dagger.
Robin hits you from afar with a +0 spear of venom.
The goblin attacks as you move away!
The goblin hits you with a +0 vampiric dagger.
The goblin draws strength from your wounds!
Robin throws the goblin at you!
There is an open door here.
You aren't carrying any items that you can evoke.
The goblin attacks as you move away!
The goblin hits you with a +0 vampiric dagger.
* * * LOW HITPOINT WARNING * * *
Robin throws the goblin at you! The goblin attacks as you move away!
The goblin hits you with a +0 vampiric dagger.
* * * LOW HITPOINT WARNING * * *
The goblin attacks as you move away! The goblin misses you.
The goblin attacks as you move away! The goblin barely misses you.
The goblin attacks as you move away! The goblin misses you.
The goblin no longer looks unusually strong.
The goblin attacks as you move away! The goblin hits you with a +0 dagger.
* * * LOW HITPOINT WARNING * * *
The goblin attacks as you move away! The goblin closely misses you.
The goblin no longer looks unusually strong.
Robin roars a battlecry!
The goblins go into a battle-frenzy!
The goblin no longer looks unusually strong.
Robin roars a battlecry!
The goblin goes into a battle-frenzy!
Robin says, "My army is invincible!"
As you read the scroll labelled LODUSE TE ONLI, it crumbles to dust.
The scroll dissolves into smoke.
It was a scroll of fog.
The goblin no longer looks unusually strong.
The goblin hits you with a +0 dagger.
You die...

♣~♣.PP.......###.....###.#.....
~~~...P.......##.....'.)g)...(.
~~~~P.♣.......##....g###.......
~♣~♣..........##.....#.........
P.~....♣.#.........gg..........
.........#......#....###.#.....
..'...........§.#gg†.# ....#..
###......##)...§#gg..# ## ## #
###..........###@§§#.#
...###...#######§§§#.#
##.###...#.....#§§§#...
.........'.....'........
##.#.....#.....#.....#.#
..#....##########...# #....####
...# #.......# .### #.......#
.#


You could see Robin, 2 hobgoblins and 4 goblins.

Vanquished Creatures
  Jessica (D:2)
  An adder (D:2)
  2 dart slugs
  7 bats
  3 endoplasms
  9 goblins
  3 hobgoblins
  5 jackals (D:1)
  5 ball pythons
  A frilled lizard (D:2)
  8 kobolds
  3 rats (D:1)
48 creatures vanquished.

Vanquished Creatures (others)
  A demonic plant (D:1)
1 creature vanquished.

Grand Total: 49 creatures vanquished

Notes
Turn   | Place    | Note
-------+----------+-------------------------------------------
     0 | D:1      | raistware the Octopode Conjurer began the quest for the
                  | Orb.
     0 | D:1      | Reached XP level 1. HP: 11/11 MP: 3/3
   312 | D:1      | Reached XP level 2. HP: 17/17 MP: 3/5
   819 | D:1      | Reached XP level 3. HP: 21/21 MP: 0/7
   958 | D:1      | Found a faded altar of an unknown god.
   958 | D:1      | Noticed a hellion
  1507 | D:2      | Noticed Jessica
  1510 | D:2      | Killed Jessica
  1511 | D:2      | Reached skill level 1 in Translocations
  1511 | D:2      | Reached XP level 4. HP: 27/27 MP: 5/9
  1798 | D:2      | Noticed Robin
  1816 | D:2      | HP: 1/27 [goblin/+0 dagger[Robin] (4)]
  1819 | D:2      | Slain by a goblin

Illustrated notes

Levels and vault maps discovered:
D:1:      dpeg_arrival_three_smaller_balls, layout_loops_ring,
          dreamdust_ecumenical_altar_sealed_demon, minmay_tall_x
D:2:      minmay_razor_zed, layout_basic, serial_bayou_pond_a,
          grunt_ministairs_10, uniq_jessica, uniq_robin, uniq_sigmund

Skill      XL: |  1  2  3 |
---------------+----------+-----
Spellcasting   | 3 |  3.9
Translocations | 1 |  1.7
Dodging        | |  2.0
Stealth        | |  2.6
Conjurations   | |  4.0

Action                   |  1- 3 |  4- 6 || total
-------------------------+-------+-------++-------
Melee: Unarmed           |     2 |       ||     2
       Constrict         |     1 |     1 ||     2
       Tentacles         |     1 |       ||     1
       Dagger            |       |     2 ||     2
Throw: Javelin           |       |     2 ||     2
       Dart              |       |     1 ||     1
 Cast: Magic Dart        |    74 |    15 ||    89
  Use: Scroll            |       |     1 ||     1
Armor: Skin              |     2 |     1 ||     3
Dodge: Dodged            |     5 |     6 ||    11
